 Dungeon Crawl Stone Soup version 0.22-a0-448-g1fb7470 (webtiles) character file.

109 Omega the Cudgeler (level 4, -4/29 HPs)
             Began as a Gargoyle Berserker on June 4, 2018.
             Was a Believer of Trog.
             Killed by divine providence
             ... invoked by an orc priest
              (13 damage)
             ... on level 2 of the Dungeon.
             The game lasted 00:07:03 (1548 turns).

Omega the Cudgeler (Gargoyle Berserker)             Turns: 1548, Time: 00:07:04

Health: -4/29      AC:  5    Str: 21    XL:     4   Next: 90%
Magic:  4/4        EV: 12    Int:  8    God:    Trog [**....]
Gold:   118        SH:  0    Dex:  9    Spells: 3/3 levels left

rFire    . . .     SeeInvis .   a - +0 mace
rCold    . . .     Gourm    .   (no shield)
rNeg     + . .     Faith    .   b - +0 animal skin
rPois    ∞         Spirit   .   (no helmet)
rElec    +         Reflect  .   (no cloak)
rCorr    .         Harm     .   (no gloves)
MR       .....                  (no boots)
Stlth    +.........             (no amulet)
HPRegen  0.09/turn              (no ring)
MPRegen  0.09/turn              (no ring)

@: berserk cooldown, slowed, very slow
A: negative energy resistance 1, electricity resistance, unbreathing,
petrification resistance, rot immunity, AC +3
a: Berserk, Trog's Hand, Renounce Religion


You were on level 2 of the Dungeon.
You worshipped Trog.
Trog was pleased with you.
You were not hungry.

You visited 1 branch of the dungeon, and saw 2 of its levels.

You collected 118 gold pieces.

Inventory:

Hand Weapons
 a - a +0 mace (weapon)
Armour
 b - a +0 animal skin (worn)
Jewellery
 k - an uncursed ring of protection from fire {unknown}
Scrolls
 d - a scroll of identify {unknown}
 f - a scroll of enchant armour {unknown}
 h - a scroll of teleportation {unknown}
 i - a scroll of noise {unknown}
 j - 2 scrolls of remove curse {unknown}
 l - a scroll of immolation {unknown}
 m - a scroll of fog {unknown}
 n - a scroll of fear {unknown}
 o - 2 scrolls of magic mapping {unknown}
Potions
 e - 2 potions of mutation {unknown}
 g - a potion of curing {unknown}
 p - a potion of degeneration {unknown}
Comestibles
 c - 5 rations


   Skills:
 + Level 4.1 Fighting
 * Level 4.6 Maces & Flails
 + Level 2.3 Armour
 + Level 1.9 Dodging
 + Level 0.2 Stealth


You had 3 spell levels left.
You didn't know any spells.
Your spell library was empty.

Dungeon Overview and Level Annotations

Branches:
Dungeon (2/15)

Altars:


Innate Abilities, Weirdness & Mutations

You are resistant to torment.
Your stone body is resilient. (AC +3)
You are immune to poison.
You resist negative energy. (rN+)
You are resistant to electric shocks. (rElec)
You can survive without breathing.
You are immune to petrification.
You are immune to rotting.


Message History

The orc's wounds heal themselves!
The orc closely misses you. The orc hits you but does no damage.
The orc priest hits you.
The orc priest hits you but does no damage.
The orc hits you with a flail.
You hit the orc.
The orc is severely wounded.
The orc hits you but does no damage. The orc priest barely misses you.
The orc priest closely misses you. The orc closely misses you.
The orc hits you but does no damage. The orc priest misses you.
The orc priest closely misses you.
You sock the orc!
You kill the orc!
Trog accepts your kill. The orc barely misses you.
The orc priest invokes the aid of Beogh against you.
Beogh smites you! The orc priest barely misses you.
The orc hits you but does no damage.
The orc priest calls down the wrath of Beogh upon you.
Beogh smites you!
You die...

.# ###'#####. #.#
#......<.. #.###
#.....#.#.
#####...#####.....#...
#...........###.#.#...
#.#)......#.# #.#.#.##
#.#.8...8.#.# #.#.#.#
#.#.......#.# #.#.#.#
#.#.o@....#.# #.#.#.#
#.#.o)o...#.# #.#.#
#.#.8...8.#.# #.#.#
#.#.......#.###.#.###
#.##.....##..†......#
#.###$⌠$###..######.#
#..#######...# #.#
##...........# ####.#
#####......####....#


You could see 2 orc priests and an orc.

Vanquished Creatures
  3 adders (D:2)
  2 oozes
  2 worms (D:2)
  3 dart slugs (D:1)
  2 leopard geckos
  4 orcs (D:2)
  2 ball pythons
  6 giant cockroaches
  10 hobgoblins
  5 kobolds
  6 bats
  2 frilled lizards
  3 goblins (D:1)
  5 rats
55 creatures vanquished.

Notes
Turn   | Place    | Note
-------+----------+-------------------------------------------
     0 | D:1      | Omega the Gargoyle Berserker began the quest for the Orb.
     0 | D:1      | Reached XP level 1. HP: 14/14 MP: 1/1
   154 | D:1      | Reached XP level 2. HP: 19/19 MP: 2/2
   197 | D:1      | Reached ** piety under Trog
   203 | D:1      | Reached XP level 3. HP: 17/24 MP: 3/3
  1001 | D:2      | Reached XP level 4. HP: 20/29 MP: 4/4
  1548 | D:2      | Killed from afar by an orc priest

Vault maps used:
D:1:      evilmike_arrival_fibonacci_small
D:2:      cheibrodos_pilgrimage, hangedman_feature_mirror

Skill      XL: |  1  2  3  4 |
---------------+-------------+-----
Maces & Flails | 4 |  4.6
Fighting       | 4 |  4.1
Armour         | |  2.3
Dodging        | |  1.9
Stealth        | |  0.2

Action                   |  1- 3 |  4- 6 || total
-------------------------+-------+-------++-------
Melee: Mace              |   104 |    70 ||   174
Invok: Berserk           |       |     1 ||     1
  Eat: Ration            |       |     1 ||     1
Armor: Animal skin       |    51 |    24 ||    75
Dodge: Dodged            |   108 |    67 ||   175

Table legend:
 A = Spawn XP
 B = Non-spawn XP
 C = Spawn XP percentage of total XP
 D = Spawn monster count
 E = Non-spawn monster count
 F = Spawn count percentage of total count
 G = Total turns spent on level
                    A         B        C        D         E        F      G
               +---------+---------+-------+---------+---------+-------+---------
         Total |       0 |     157 |   0.0 |       0 |      55 |   0.0 |  1548
               +---------+---------+-------+---------+---------+-------+---------
           D:1 |       0 |      68 |   0.0 |       0 |      32 |   0.0 |   799
           D:2 |       0 |      89 |   0.0 |       0 |      23 |   0.0 |   749
               +---------+---------+-------+---------+---------+-------+---------
